AoeStats
← FÜHRER

Arena

505838561Analyzed
2v2 RM · 20d ago on Sep 11, 2026· 25m 34s· 4 players
Game mode
Random Map
Map size
Medium (4 player)
Population
200
Speed
Normal
Resources
Standard
Victory
Conquest
Starting age
Dark Age
Ending age
Imperial Age
RankedLock teamsTeams togetherTeam positionsShared explorationLock speedFull tech treeHidden civsTurbo modeCheats
Victory
Defeat
🇨🇳 Khmer · China
690
+15
🇩🇪 Cumans · Germany
652
+17
🇹🇷 Teutons · Türkiye
737
-19
🇹🇷 Turks · Türkiye
602
-13
Hayriii1907
7:09 Loom
11:50 Feudal Age
12:49 Double-Bit Axe
16:50 Man-at-Arms
21:03 Horse Collar
24:17 Fletching
24:28 Padded Archer Armor
28:06 Castle Age
oncemore
6:01 Loom
10:03 Feudal Age
10:39 Double-Bit Axe
14:44 Wheelbarrow
18:52 Castle Age
17:35 Gold Mining
18:31 Bloodlines
18:18 Horse Collar
19:04 Scale Barding Armor
20:03 Light Cavalry
FÜHRER
12:50 Feudal Age
14:09 Wheelbarrow
13:37 Double-Bit Axe
13:34 Horse Collar
17:07 Gold Mining
17:21 Stone Mining
22:52 Castle Age
21:26 Arson
22:46 Town Watch
22:47 Loom
24:44 Hand Cart
25:48 Bloodlines
TheRise
0:30 Loom
15:07 Feudal Age
17:05 Wheelbarrow
16:16 Town Watch
17:46 Double-Bit Axe
17:56 Stone Mining
17:57 Gold Mining
17:52 Horse Collar
24:37 Castle Age
Connection lost

Rejoining the realm…

Still unreachable

The connection could not be restored.

Session expired

The server has moved on; the page needs a fresh start.